 Dungeon Crawl Stone Soup version 0.31.0-9-g3a7656b989 (webtiles) character file.

Game seed: 7079892353139051982

106 Gottschkopf the Trooper (level 4, -3/41 HPs)
             Began as a Minotaur Fighter on Jan 28, 2024.
             Slain by Grinder (5 damage)
             ... on level 3 of the Dungeon.
             The game lasted 00:02:07 (1504 turns).

Gottschkopf the Trooper (Minotaur Fighter)          Turns: 1504, Time: 00:02:08

Health: -3/41      AC:  7    Str: 23    XL:     4   Next: 55%
Magic:  3/3        EV:  9    Int:  5    God:
Gold:   209        SH:  4    Dex:  9    Spells: 3/3 levels left

rFire   . . .        a - +0 flail
rCold   . . .        c - +0 buckler
rNeg    . . .        b - +0 scale mail
rPois   .            (helmet restricted)
rElec   .            (no cloak)
rCorr   .            (no gloves)
SInv    .            (no boots)
Will    .....        j - amulet of faith Stlth
                     (no ring)
HPRegen 0.26/turn    (no ring)
MPRegen 0.08/turn

%: faith
@: no status effects
A: horns 2, retaliatory headbutt
a: no special abilities


You were on level 3 of the Dungeon.
You visited 1 branch of the dungeon, and saw 3 of its levels.

You collected 229 gold pieces.
You spent 20 gold pieces at shops.

Inventory:

Hand Weapons
 a - a +0 flail (weapon)
Armour
 b - a +0 scale mail (worn)
 c - a +0 buckler (worn)
Jewellery
 j - an amulet of faith (around neck)
Wands
 h - a wand of roots (15)
Scrolls
 g - 2 scrolls of immolation {unknown}
Potions
 d - a potion of might
 e - a potion of haste
 f - 3 potions of lignification
 i - 2 potions of mutation {unknown}


   Skills:
 + Level 4.8 Fighting
 - Level 2.4 Maces & Flails
 + Level 4.7 Armour
 + Level 4.7 Shields


You had 3 spell levels left.
You didn't know any spells.
Your spell library was empty.

Dungeon Overview and Level Annotations

Branches:
Dungeon (3/15)

Altars:

Shops:
D:2 ?

Annotations:
D:3 Grinder


Innate Abilities, Weirdness & Mutations

You have a pair of horns on your head.
You reflexively headbutt those who attack you in melee.


Message History

Items here: $ ( ) [.
You barely miss Grinder. Your headbutt misses Grinder. Grinder hits you.
You writhe in agony.
Grinder hits you but does no damage.
You closely miss Grinder. Your headbutt misses Grinder. Grinder hits you.
You writhe in agony.
You are too injured to fight recklessly!
You are too injured to fight recklessly!
You are too injured to fight recklessly!
You are too injured to fight recklessly!
You barely miss Grinder. Grinder barely misses you. You furiously retaliate!
You headbutt Grinder! Grinder hits you.
You writhe in agony.
You barely miss Grinder. You headbutt Grinder.
Grinder is moderately wounded.
Grinder hits you but does no damage.
You hit Grinder.
Grinder is heavily wounded.
Grinder hits you.
* * * LOW HITPOINT WARNING * * *
You writhe in agony.
* * * LOW HITPOINT WARNING * * *
You closely miss Grinder.
Grinder is heavily wounded.
Grinder hits you but does no damage.
You completely miss Grinder. Your headbutt misses Grinder.
Grinder is heavily wounded.
Grinder barely misses you. Grinder hits you!
* * * LOW HITPOINT WARNING * * *
You writhe in agony.
* * * LOW HITPOINT WARNING * * *
You completely miss Grinder. Your headbutt misses Grinder.
Grinder is heavily wounded.
Grinder hits you but does no damage.
You hit Grinder. Your headbutt misses Grinder.
Grinder is heavily wounded.
Grinder barely misses you.
You hit Grinder but do no damage.
Grinder is heavily wounded.
Grinder closely misses you. Grinder hits you.
You die...
Grinder says, "Now the real fun starts!"

###.#.....# ......
##.....##### ......
..........## .....
#..........# #...
###.#......### . ...
#.#........###
...###.####.#.....>#...#
......!.....#...........
#...5@$...............
.............)..###.####
.>.##...........# #..# #
...#.....<....# ##.#
##.#..........# #.#
#............# #.#
##..#........# #.#
............# #.#
..........# #..


You could see Grinder.

Vanquished Creatures
  Ijyb (D:3)
  2 adders (D:2)
  A dart slug (D:1)
  A ribbon worm (D:2)
  2 orcs
  6 ball pythons
  2 bats (D:1)
  5 endoplasms
  A giant cockroach (D:3)
  14 goblins
  3 hobgoblins
  5 jackals
  A quokka (D:1)
  8 rats
52 creatures vanquished.

Notes
Turn   | Place    | Note
-------+----------+-------------------------------------------
     0 | D:1      | Gottschkopf the Minotaur Fighter began the quest for the
                  | Orb.
     0 | D:1      | Reached XP level 1. HP: 19/19 MP: 0/0
    86 | D:1      | Reached XP level 2. HP: 20/27 MP: 1/1
   608 | D:2      | Reached XP level 3. HP: 19/33 MP: 2/2
  1029 | D:2      | Found Hetiumac's Magic Scroll Boutique.
  1032 | D:2      | Bought a scroll of identify for 20 gold pieces
  1239 | D:3      | Reached XP level 4. HP: 28/41 MP: 3/3
  1314 | D:3      | Noticed Ijyb
  1327 | D:3      | Killed Ijyb
  1490 | D:3      | Noticed Grinder
  1501 | D:3      | HP: 2/41 [Grinder (9)]
  1504 | D:3      | Slain by Grinder

Illustrated notes

Levels and vault maps discovered:
D:1:      orjb1_clovarrival, layout_basic, minmay_misc_feat_room
D:2:      layout_basic, serial_shops, nicolae_shop_behind_doors,
          minmay_quadrilaterals
D:3:      kennysheep_goblin_castle, layout_rooms, nicolae_tso_besieged_by_evil,
          uniq_grinder, uniq_crazy_yiuf_cottage

Skill      XL: |  1  2 |
---------------+-------+-----
Fighting       | 4 |  4.8
Armour         | 4 |  4.7
Shields        | 4 |  4.7
Maces & Flails | |  2.4

Action                     |  1- 3 |  4- 6 || total
---------------------------+-------+-------++-------
  Melee: Flail             |    87 |    31 ||   118
         Headbutt          |    17 |     2 ||    19
    Use: Scroll            |     2 |       ||     2
 Armour: Scale mail        |    69 |    24 ||    93
  Dodge: Dodged            |    45 |    19 ||    64
  Block: Buckler           |    16 |     4 ||    20
